 Dungeon Crawl Stone Soup version 0.31-a0-819-gf6de2f5ab6 (webtiles) character file.

Game seed: 17961222798250895228

965 greenreed the Vexing (level 8, -17/60 HPs)
             Began as a Gnoll Hexslinger on Sept 24, 2023.
             Demolished by a two-headed ogre
             ... wielding a +0 giant club
              (26 damage)
             ... on level 5 of the Dungeon.
             The game lasted 00:10:38 (3697 turns).

greenreed the Vexing (Gnoll Hexslinger)             Turns: 3697, Time: 00:10:38

Health: -17/60     AC:  5    Str:  9    XL:     8   Next: 15%
Magic:  14/14      EV: 14    Int: 12    God:
Gold:   194        SH:  0    Dex: 16    Spells: 13/15 levels left

rFire   x . .        h - +0 demon whip
rCold   + + .        (no shield)
rNeg    . . .        c - +0 robe
rPois   .            (no helmet)
rElec   .            (no cloak)
rCorr   .            m - +2 pair of gloves
SInv    .            (no boots)
Will    .....        (no amulet)
Stlth   ++           w - ring of ice
HPRegen 0.30/turn    y - ring of protection from cold
MPRegen 0.14/turn

%: no passive effects
@: weak-willed
A: fangs 1, strong nose, distributed training
a: no special abilities


You were on level 5 of the Dungeon.
You visited 1 branch of the dungeon, and saw 5 of its levels.
You also visited: Sewer.

You collected 194 gold pieces.

Inventory:

Hand Weapons
 a - a +1 sling
 h - a +0 demon whip (weapon)
Missiles
 q - a curare-tipped dart
Armour
 c - a +0 robe (worn)
 m - a +2 pair of gloves (worn)
Jewellery
 e - a ring of resist corrosion
 i - a ring of willpower
 u - a ring of willpower
 w - a ring of ice (left hand)
 y - a ring of protection from cold (right hand)
Wands
 l - a wand of flame (22)
Scrolls
 b - 2 scrolls of poison
 g - 6 scrolls of identify {unknown}
 j - 5 scrolls of blinking {unknown}
 k - 2 scrolls of teleportation {unknown}
 r - a scroll of immolation {unknown}
Potions
 d - 3 potions of might {unknown}
 f - a potion of mutation {unknown}
 n - 3 potions of magic {unknown}
 o - a potion of experience {unknown}
 p - a potion of brilliance {unknown}
 s - 3 potions of heal wounds {unknown}
 t - 3 potions of curing {unknown}
 v - a potion of enlightenment {unknown}
 x - a potion of ambrosia {unknown}


   Skills:
 + Level 4.0 Fighting
 + Level 3.1 Short Blades
 + Level 3.1 Long Blades
 + Level 3.1 Axes
 + Level 3.1 Maces & Flails
 + Level 3.1 Polearms
 + Level 3.1 Staves
 + Level 5.5 Ranged Weapons
 + Level 3.1 Throwing
 + Level 3.1 Armour
 + Level 5.5 Dodging
 + Level 3.1 Stealth
 + Level 3.1 Shields
 + Level 3.1 Unarmed Combat
 + Level 4.2 Spellcasting
 + Level 2.5 Conjurations
 + Level 6.0 Hexes
 + Level 2.5 Summonings
 + Level 2.5 Necromancy
 + Level 2.5 Translocations
 + Level 2.5 Transmutations
 + Level 3.3 Fire Magic
 + Level 2.5 Ice Magic
 + Level 2.5 Air Magic
 + Level 2.5 Earth Magic
 + Level 2.5 Poison Magic
 + Level 3.4 Invocations
 + Level 3.1 Evocations
 + Level 2.8 Shapeshifting


You had 13 spell levels left.
You knew the following spells:

 Your Spells              Type           Power      Damage    Failure   Level
a - Jinxbite              Hex            34%        N/A       2%          2

Your spell library contained the following spells:

 Spells                   Type           Power      Damage    Failure   Level
 Sigil of Binding         Hex            17%        N/A       5%          3
 Magic Dart               Conj           32%        1d4       8%          1
 Inner Flame              Hex/Fire       13%        N/A       10%         3
 Searing Ray              Conj           16%        2d5       12%         2
 Cause Fear               Hex            8%         N/A       19%         4
 Dimensional Bullseye     Hex/Tloc       6%         N/A       36%         4
 Fulminant Prism          Conj/Hex       6%         3d7       36%         4


Dungeon Overview and Level Annotations

Branches:
Dungeon (5/15)              Sewer (visited)
 Temple: D:4-7

Altars:

Shops:
D:5 :


Innate Abilities, Weirdness & Mutations

You have very sharp teeth.
Your uncanny sense of smell can sniff out nearby items.
Your experience applies equally to all skills.


Message History

Aim: a hound (53% to hit)
You shoot a sling bullet. The sling bullet hits the hound!
The hound is heavily wounded.
The hound completely misses you.
Fire: a) +1 sling
Press: ? - help, Q - select action, (/) - cycle Shift-Dir - straight line, f/p - hound
Aim: a hound (heavily wounded, 53% to hit)
You shoot a sling bullet.
The sling bullet barely misses the hound.
The hound misses you. The hound bites you but does no damage.
h - a +0 demon whip (weapon)
You hit the hound. Your punch misses the hound. You bite the hound.
The hound is severely wounded.
The hound barely misses you. The hound misses you.
The two-headed ogre shouts in stereo!
You hit the hound but do no damage.
The hound is severely wounded.
The hound bites you.
* * * LOW HITPOINT WARNING * * *
You closely miss the hound. Your bite misses the hound.
The hound is severely wounded.
The hound closely misses you.
You barely miss the hound. Your bite misses the hound.
The hound is severely wounded.
The hound bites you.
* * * LOW HITPOINT WARNING * * *
The hound bites you.
* * * LOW HITPOINT WARNING * * *
You closely miss the hound. You bite the hound.
The hound is almost dead.
The hound closely misses you. The hound bites you but does no damage.
The hound barely misses you. The hound attacks as it pursues you!
The hound bites you.
* * * LOW HITPOINT WARNING * * *
You barely miss the hound.
The hound is almost dead.
The hound barely misses you. The hound bites you but does no damage.
The two-headed ogre attacks as it pursues you!
The two-headed ogre hits you with a +0 giant club!!
You die...

########### #.... #.........#
#####.... #.........###..)J....
#.............###....
#..........#### #....
#.........## #.... ##.........#
### #....
########.....O....##....#....
#....#......@h.)......#..J...
#####.......#######)#####......<.
............# #..####.......#
####......### ##†..∩##.......#
##.......# #...####.......#
##......#..........## #.#.#..##
##.......########.... . #....
....###### #..##g .....
#....#####. .... .. ...!..


You could see a two-headed ogre and a hound.

Vanquished Creatures
  Sigmund (D:2)
  An ice beast (D:5)
  A black bear (D:5)
  4 kobold brigands (Sewer)
  2 hounds
  A jelly (D:5)
  Jessica (D:2)
  An orc wizard (D:5)
  Robin (D:3)
  3 gnolls (D:5)
  3 adders
  An ufetubus (D:5)
  A worm (D:4)
  4 dart slugs
  8 orcs
  9 ball pythons
  5 endoplasms
  6 giant cockroaches
  19 goblins
  7 hobgoblins
  2 jackals (D:4)
  A quokka (D:2)
  10 bats
  5 frilled lizards
  15 kobolds
  8 rats
120 creatures vanquished.

Notes
Turn   | Place    | Note
-------+----------+-------------------------------------------
     0 | D:1      | greenreed the Gnoll Hexslinger began the quest for the Orb.
     0 | D:1      | Reached XP level 1. HP: 17/17 MP: 4/4
    88 | D:1      | Reached XP level 2. HP: 23/23 MP: 5/5
   256 | D:1      | Found a faded altar of an unknown god.
   309 | D:1      | Reached XP level 3. HP: 28/28 MP: 7/7
   577 | D:1      | Learned a level 2 spell: Jinxbite
   740 | D:2      | Noticed Sigmund
   755 | D:2      | Killed Sigmund
   756 | D:2      | Reached skill level 1 in Short Blades
   756 | D:2      | Reached skill level 1 in Long Blades
   756 | D:2      | Reached skill level 1 in Axes
   756 | D:2      | Reached skill level 1 in Maces & Flails
   756 | D:2      | Reached skill level 1 in Polearms
   756 | D:2      | Reached skill level 1 in Staves
   756 | D:2      | Reached skill level 1 in Throwing
   756 | D:2      | Reached skill level 1 in Armour
   756 | D:2      | Reached skill level 1 in Stealth
   756 | D:2      | Reached skill level 1 in Shields
   756 | D:2      | Reached skill level 1 in Unarmed Combat
   756 | D:2      | Reached skill level 1 in Conjurations
   756 | D:2      | Reached skill level 1 in Summonings
   756 | D:2      | Reached skill level 1 in Necromancy
   756 | D:2      | Reached skill level 1 in Translocations
   756 | D:2      | Reached skill level 1 in Transmutations
   756 | D:2      | Reached skill level 1 in Ice Magic
   756 | D:2      | Reached skill level 1 in Air Magic
   756 | D:2      | Reached skill level 1 in Earth Magic
   756 | D:2      | Reached skill level 1 in Poison Magic
   756 | D:2      | Reached skill level 1 in Invocations
   756 | D:2      | Reached skill level 1 in Evocations
   756 | D:2      | Reached skill level 1 in Shapeshifting
   756 | D:2      | Reached XP level 4. HP: 15/35 MP: 6/8
   756 | D:2      | Reached XP level 5. HP: 18/41 MP: 6/9
  1032 | D:2      | Noticed Jessica
  1038 | D:2      | Killed Jessica
  1039 | D:2      | Reached XP level 6. HP: 21/47 MP: 7/11
  1473 | D:3      | Noticed Robin
  1493 | D:3      | Killed Robin
  1603 | D:3      | Found a glowing drain.
  1614 | Sewer    | Entered a sewer
  1641 | Sewer    | Reached skill level 5 in Ranged Weapons
  1641 | Sewer    | Reached skill level 5 in Dodging
  1977 | Sewer    | Reached XP level 7. HP: 26/52 MP: 7/12
  3293 | D:5      | Entered Level 5 of the Dungeon
  3293 | D:5      | Noticed a two-headed ogre
  3427 | D:5      | Reached skill level 6 in Hexes
  3427 | D:5      | Reached XP level 8. HP: 31/60 MP: 11/14
  3644 | D:5      | Found Akogamno's Tiny Tomes.
  3697 | D:5      | Demolished by a two-headed ogre

Illustrated notes

Levels and vault maps discovered:
D:1:      ncdulo_watergridlock, layout_basic, basic_ecumenical_altar
D:2:      layout_basic, roderic_serpentine_path, nicolae_elevator_lobby_plus,
          uniq_jessica, uniq_sigmund
D:3:      layout_loops_ring, cheibrodos_sewer_entry_drain, serial_bayou_pond_c,
          uniq_robin
D:4:      layout_gridville
D:5:      layout_rooms, serial_shops, nicolae_shop_bloodbath_and_beyond,
          nicolae_shop_i_like_small_books_too, roderic_batcave,
          nicolae_inconvenience_store

Skill      XL: |  1  2  3  4  5  6  7  8 |
---------------+-------------------------+-----
Fire Magic     | 2 3 |  3.3
Fighting       | 3 4 |  4.0
Short Blades   | 1 2 3 |  3.1
Long Blades    | 1 2 3 |  3.1
Axes           | 1 2 3 |  3.1
Maces & Flails | 1 2 3 |  3.1
Polearms       | 1 2 3 |  3.1
Staves         | 1 2 3 |  3.1
Throwing       | 1 2 3 |  3.1
Armour         | 1 2 3 |  3.1
Stealth        | 1 2 3 |  3.1
Shields        | 1 2 3 |  3.1
Unarmed Combat | 1 2 3 |  3.1
Spellcasting   | 3 4 |  4.2
Conjurations   | 1 2 |  2.5
Summonings     | 1 2 |  2.5
Necromancy     | 1 2 |  2.5
Translocations | 1 2 |  2.5
Transmutations | 1 2 |  2.5
Ice Magic      | 1 2 |  2.5
Air Magic      | 1 2 |  2.5
Earth Magic    | 1 2 |  2.5
Poison Magic   | 1 2 |  2.5
Invocations    | 1 2 3 |  3.4
Evocations     | 1 2 3 |  3.1
Shapeshifting  | 1 2 |  2.8
Ranged Weapons | 5 |  5.5
Dodging        | 5 |  5.5
Hexes          | 6 |  6.0

Action                     |  1- 3 |  4- 6 |  7- 9 || total
---------------------------+-------+-------+-------++-------
  Melee: Demon whip        |     3 |    40 |    39 ||    82
         Bite              |       |     3 |     4 ||     7
         Punch             |       |     2 |       ||     2
   Fire: Sling             |    77 |    78 |   130 ||   285
   Cast: Jinxbite          |     1 |     8 |     6 ||    15
  Evoke: Wand              |       |     1 |       ||     1
 Armour: Robe              |    15 |    66 |    58 ||   139
  Dodge: Dodged            |    20 |    81 |    77 ||   178

Table legend: (Time is in decaauts)
 A = Elapsed time spent in this place.
 B = Non-inter-level travel time spent in this place.
 C = Inter-level travel time spent in this place.
 D = Time resting spent in this place.
 E = Time spent auto-exploring this place.
 F = Levels seen in this place.
 G = Mean time per level.
                   A        B        C        D        E       F      G
               +--------+--------+--------+--------+--------+-----+--------+
         Total |   3756 |   3581 |    175 |    112 |   2688 |   6 |  626.0 |
       Dungeon |   3167 |   2992 |    175 |     46 |   2345 |   5 |  633.4 |
         Sewer |    588 |    588 |      0 |     66 |    343 |   1 |  588.0 |
               +--------+--------+--------+--------+--------+-----+--------+

Top non-repeatable levels by time:
     D:2: 880 daAuts
     D:3: 760 daAuts
     D:1: 616 daAuts
   Sewer: 588 daAuts
     D:4: 531 daAuts
     D:5: 379 daAuts
